 Dungeon Crawl Stone Soup version 0.23.2-1-ga50397a (webtiles) character file.

Game seed: 8770959222009410625

116 Bearstalker the Skirmisher (level 4, 0/40 HPs)
             Began as a Centaur Fighter on Apr 23, 2019.
             Killed by divine providence
             ... invoked by an orc priest
              (17 damage)
             ... on level 3 of the Dungeon.
             The game lasted 00:07:43 (2004 turns).

Bearstalker the Skirmisher (Centaur Fighter)        Turns: 2004, Time: 00:07:43

Health: 0/40       AC:  6    Str: 18    XL:     4   Next: 70%
Magic:  4/4        EV:  6    Int:  8    God:
Gold:   106        SH:  8    Dex:  9    Spells: 3/3 levels left

rFire    . . .     SeeInvis .   a - +0 war axe
rCold    . . .     Gourm    .   c - +0 shield
rNeg     . . .     Faith    .   o - +0 ring mail (curse)
rPois    .         Spirit   .   (no helmet)
rElec    .         Reflect  .   (no cloak)
rCorr    .         Harm     .   (no gloves)
MR       .....                  (no barding)
Stlth    ..........             (no amulet)
HPRegen  0.13/turn              (no ring)
MPRegen  0.09/turn              (no ring)

@: very quick
A: large, hooves 3, deformed body, speed 2, tough skin 3
a: no special abilities


You were on level 3 of the Dungeon.
You were not hungry.

You visited 1 branch of the dungeon, and saw 3 of its levels.

You collected 106 gold pieces.

Inventory:

Hand Weapons
 a - a +0 war axe (weapon)
 k - a +0 dagger
Armour
 b - a +0 scale mail
 c - a +0 shield (worn)
 l - a +0 chain mail
 o - a cursed +0 ring mail (worn)
Scrolls
 g - 5 scrolls of identify
 h - 2 scrolls of magic mapping
 i - 6 scrolls of teleportation
 n - a scroll of enchant armour {unknown}
 p - a scroll of amnesia {unknown}
 s - a scroll of immolation {unknown}
Potions
 d - a potion of might
 e - 2 potions of brilliance {unknown}
 j - a potion of curing {unknown}
 m - 2 potions of heal wounds {unknown}
 q - a potion of haste {unknown}
 r - a potion of degeneration {unknown}
Comestibles
 f - 3 rations


   Skills:
 + Level 3.6 Fighting
 + Level 2.6 Axes
 + Level 2.8 Armour
 + Level 0.6 Dodging
 + Level 2.6 Shields


You had 3 spell levels left.
You didn't know any spells.
Your spell library was empty.

Dungeon Overview and Level Annotations

Branches:
Dungeon (3/15)

Altars:
Cheibriados
Xom


Innate Abilities, Weirdness & Mutations

You have hooves in place of feet.
Armour fits poorly on your strangely shaped body.
You cover ground very quickly.
You have extremely tough skin. (AC +3)


Message History

You block the orc's attack.
You slash the orc priest!
The orc priest is almost dead.
The orc priest hits you but does no damage.
You block the orc's attack.
The orc priest hits you but does no damage.
You block the orc's attack.
You closely miss the orc priest. Your kick misses the orc priest.
The orc priest is almost dead.
The orc priest hits you with a +0 club. You block the orc's attack.
You barely miss the orc priest. Your kick misses the orc priest.
The orc priest is almost dead.
You block the orc priest's attack. The orc barely misses you.
The orc priest hits you with a +0 club.
You barely miss the orc priest. Your kick misses the orc priest.
The orc priest is almost dead.
The orc hits you but does no damage.
The orc priest mumbles some strange prayers to Beogh against you.
Beogh smites you!
You die...

############.##
#.......@oo...#
#.########o._.#
#########.#
...#
#.........# ###
#.#########
#.#### #....##
#.##..#######
............#


You could see an orc priest and 2 orcs.

Vanquished Creatures
  Jessica (D:2)
  2 adders (D:3)
  2 worms (D:2)
  2 dart slugs
  3 leopard geckos (D:2)
  An orc (D:3)
  A ball python (D:3)
  10 bats
  3 giant cockroaches
  6 goblins
  7 hobgoblins
  7 frilled lizards
  10 kobolds
  6 rats
61 creatures vanquished.

Notes
Turn   | Place    | Note
-------+----------+-------------------------------------------
     0 | D:1      | Bearstalker the Centaur Fighter began the quest for the
                  | Orb.
     0 | D:1      | Reached XP level 1. HP: 19/19 MP: 1/1
    70 | D:1      | Reached XP level 2. HP: 26/26 MP: 2/2
   483 | D:1      | You fall through a shaft!
   487 | D:2      | Noticed Jessica
   812 | D:1      | Reached XP level 3. HP: 30/31 MP: 3/3
   987 | D:2      | Found a shimmering altar of Xom.
  1054 | D:2      | Killed Jessica
  1177 | D:2      | Reached XP level 4. HP: 26/39 MP: 4/4
  1993 | D:3      | Found a snail-covered altar of Cheibriados.
  2004 | D:3      | Killed from afar by an orc priest

Skill      XL: |  1  2 |
---------------+-------+-----
Axes           | 2 |  2.6
Fighting       | |  3.6
Armour         | |  2.8
Dodging        | |  0.6
Shields        | |  2.6

Action                   |  1- 3 |  4- 6 || total
-------------------------+-------+-------++-------
Melee: War axe           |    71 |    72 ||   143
       Kick              |    18 |     9 ||    27
       Dagger            |    14 |       ||    14
  Use: Scroll            |     1 |     2 ||     3
  Eat: Ration            |       |     1 ||     1
       Chunk             |       |     1 ||     1
Armor: Scale mail        |    18 |       ||    18
       Chain mail        |    30 |    15 ||    45
       Ring mail         |       |    34 ||    34
Dodge: Dodged            |    14 |    19 ||    33
Block: Shield            |    33 |    39 ||    72
